 Dungeon Crawl Stone Soup version 0.30.1-9-gdf580d7c3d (webtiles) character file.

Game seed: 2222569980821541425

31747 Zonian the Frost Mage (level 13, -13/68 HPs)
             Began as a Deep Elf Ice Elementalist on Oct 8, 2023.
             Was a High Priest of Vehumet.
             Killed from afar by a fire giant (34 damage)
             ... with a fireball
             ... on level 11 of the Dungeon.
             The game lasted 01:24:06 (23681 turns).

Zonian the Frost Mage (Deep Elf Ice Elementalist)  Turns: 23681, Time: 01:24:08

Health: -13/68     AC: 20    Str: 10    XL:     13   Next: 27%
Magic:  20/38      EV: 14    Int: 24    God:    Vehumet [*****.]
Gold:   882        SH:  0    Dex: 17    Spells: 6/33 levels left

rFire   . . .        U - +2 sling (elec)
rCold   + + .        (no shield)
rNeg    . . .        j - +2 robe of Jadij {rC+ Dex+3}
rPois   +            y - +2 helmet
rElec   .            (no cloak)
rCorr   .            c - +1 pair of gloves
SInv    .            g - +0 pair of boots {rampage}
Will    +....        m - amulet of regeneration
Stlth   ++++         n - ring of magical power
HPRegen 1.11/turn    R - ring "Gaxof" {Fly rPois rC+ Str+5 Dex-3}
MPRegen 0.26/turn

%: rampage
@: ice-armoured, freezing walls, flying
A: no striking features
a: Renounce Religion


You were on level 11 of the Dungeon.
You worshipped Vehumet.
Vehumet was extremely pleased with you.
You visited 2 branches of the dungeon, and saw 17 of its levels.
You also visited: Bailey and Gauntlet.

You collected 882 gold pieces.

Inventory:

Hand Weapons
 k - a +2 antimagic long sword
 w - a +0 dagger of venom
 A - a +0 dagger of speed
 B - a +3 short sword of speed
 G - a +0 rapier
 J - a +3 short sword
 L - a +4 scimitar of flaming
 Q - a +0 shortbow
 U - a +2 sling of electrocution (weapon)
 X - a +1 antimagic hand crossbow
Missiles
 h - a throwing net
 x - 10 poisoned darts
 F - 19 boomerangs
 H - 10 curare-tipped darts
Armour
 c - a +1 pair of gloves (worn)
 g - a +0 pair of boots of rampaging (worn)
 j - the +2 robe of Jadij (worn) {rC+ Dex+3}
   (You found it on level 5 of the Dungeon)

   Dex:       It affects your dexterity (+3).
   rC:        It protects you from cold.
 r - an orb of guile
 s - an orb of light
 y - a +2 helmet (worn)
 D - a +1 pair of boots
 E - +0 steam dragon scales
Jewellery
 e - a +6 ring of strength
 m - an amulet of regeneration (around neck)
 n - a ring of magical power (left hand)
 q - a ring of wizardry
 O - a ring of willpower
 R - the ring "Gaxof" (right hand) {Fly rPois rC+ Str+5 Dex-3}
   (You found it in a bailey)

   [ring of protection from cold]

   Str:       It affects your strength (+5).
   Dex:       It affects your dexterity (-3).
   rC:        It protects you from cold.
   rPois:     It protects you from poison.
   Fly:       It grants you flight.
Wands
 t - a wand of flame (3)
 N - a wand of charming (4)
Scrolls
 a - a scroll of fear
 i - 2 scrolls of identify
 K - 2 scrolls of poison
 P - a scroll of fog
 S - 4 scrolls of immolation
Potions
 b - 5 potions of magic
 d - 7 potions of curing
 f - 5 potions of cancellation
 l - 5 potions of lignification
 o - 6 potions of mutation
 p - 3 potions of attraction
 u - 2 potions of flight
 v - 4 potions of might
 C - a potion of brilliance
 W - 2 potions of berserk rage


   Skills:
 + Level 3.1 Fighting
 + Level 9.2 Ranged Weapons
 - Level 5.0 Dodging
 + Level 9.7 Stealth
 + Level 10.9 Spellcasting
 + Level 7.2 Conjurations
 + Level 12.3 Summonings
 - Level 12.7 Ice Magic
 + Level 6.9 Air Magic


You had 6 spell levels left.
You knew the following spells:

 Your Spells              Type           Power      Damage    Failure   Level
a - Freeze                Ice            100%       1d10      1%          1
b - Frozen Ramparts       Ice            100%       1d16      1%          3
c - Ozocubu's Armour      Ice            65%        N/A       1%          3
d - Summon Ice Beast      Ice/Summ       65%        N/A       1%          4
e - Summon Lightning Spi  Summ/Air       56%        N/A       1%          4
f - Freezing Cloud        Conj/Ice/Air   27%        6-21      1%          5
g - Airstrike             Air            23%        2d(4-20)  1%          4
h - Mephitic Cloud        Conj/Pois/Air  35%        N/A       1%          3

Your spell library contained the following spells:

 Spells                   Type           Power      Damage    Failure   Level
 Ozocubu's Refrigeration  Ice            32%        4d14      6%          7
 Summon Small Mammal      Summ           100%       N/A       1%          1
 Poisonous Vapours        Pois/Air       58%        N/A       1%          2
 Static Discharge         Conj/Air       94%        2-6/arc   1%          2
 Call Canine Familiar     Summ           64%        N/A       1%          3
 Summon Guardian Golem    Hex/Summ       42%        N/A       1%          3
 Iskenderun's Battlesphe  Conj           47%        2d10      1%          5
 Ice Form                 Ice/Tmut       43%        N/A       3%          4
 Necrotise                Necr           52%        1d6       4%          1
 Sublimation of Blood     Necr           13%        N/A       8%          2
 Wereblood                Tmut           13%        N/A       8%          2
 Fireball                 Conj/Fire      15%        3d8       9%          5
 Metabolic Englaciation   Hex/Ice        21%        N/A       10%         5
 Conjure Ball Lightning   Conj/Air       23%        3x3d6     11%         6
 Vampiric Draining        Necr           13%        2d6       14%         3
 Lee's Rapid Deconstruct  Erth           6%         3d6*      32%         5
 Leda's Liquefaction      Hex/Erth       6%         N/A       43%         4
 Petrify                  Tmut/Erth      13%        N/A       43%         4
 Agony                    Necr           13%        N/A       80%         5
 Statue Form              Tmut/Erth      8%         N/A       100%        6
 Spellforged Servitor     Conj/Summ      28%        N/A       19%         7
 Summon Hydra             Summ           32%        N/A       26%         7
 Orb of Destruction       Conj           23%        9d8       45%         7
 Maxwell's Capacitive Co  Air            23%        ∞         98%         8
 Storm Form               Tmut/Air       14%        N/A       100%        7


Dungeon Overview and Level Annotations

Branches:
Dungeon (12/15)            Temple (0/1) D:4            Lair (5/5) D:10
  Swamp (0/4) Lair:3        Snake (0/4) Lair:2        Slime (0/5) Lair:5
    Orc (0/2) D:9          Bailey (visited)         Gauntlet (visited)

Altars:
Cheibriados
Okawaru
Trog
Vehumet

Annotations:
D:5 Edmund
D:12 2 transporters, arthad's ghost, journeyman VSIE
Lair:5 2 runed translucent doors


Message History

You start resting.
A fire giant is nearby!
A fire giant is nearby!
Unknown command.
Okay, then.
Casting: Airstrike (dangerous; 1% risk of failure)
Confirm with . or Enter, or press ? or * to list all spells.
Casting: Frozen Ramparts (safe; 1% risk of failure)
Press: ? - help, Dir - look around, f - activate The walls around you are covered in ice.
The fire giant shouts!
The wall freezes the fire giant!
Unknown command.
Casting: Frozen Ramparts (safe; 1% risk of failure)
Confirm with . or Enter, or press ? or * to list all spells.
A film of ice covers your body!
The wall freezes the fire giant but does no damage.
The fire giant closely misses you.
Unknown command.
Casting: Ozocubu's Armour (safe; 1% risk of failure)
Confirm with . or Enter, or press ? or * to list all spells.
A chill wind blows around you.
The wall freezes the fire giant but does no damage.
The fire giant casts a spell at you. The bolt of fire hits you!!!
Your icy armour melts away.
Ouch! That really hurt!
* * * LOW HITPOINT WARNING * * *
The bolt of fire hits your ice beast!!!
Your ice beast melts!
Your ice beast dies!
Your ice beast disappears in a puff of smoke!
Okay, then.
Casting: Summon Ice Beast (safe; 1% risk of failure)
Confirm with . or Enter, or press ? or * to list all spells.
A film of ice covers your body!
The wall freezes the fire giant!
The fire giant gestures at you while chanting.
The fireball explodes!
The fireball engulfs you!!
Ouch! That really hurt!
You die...

.#○#E.#.##
##.######....#..#.#..
.##T# #e####.#
#.####.##.#.. ...##
#...#.# #.# #....#..
#### ###.).#
#.#########.. ###.#
#............ #°#
############. #.# #.
#.#################.
#.C@..>....$....^...
####################


You could see a fire giant.

Vanquished Creatures
  Snorg (Lair:4)
  2 boulder beetles (Lair:4)
  Erica (D:8)
  5 death yaks (Lair:3)
  2 deep elf pyromancers
  Pikel (D:7)
  A manticore (D:8)
  An elephant (Lair:2)
  2 black mambas
  5 cane toads
  A torpor snail (Lair:4)
  Psyche (D:9)
  2 komodo dragons
  A rime drake (Lair:1)
  A troll (D:11)
  A hornet (D:11)
  12 blink frogs
  A slime creature (D:8)
  40 yaks
  2 steam dragons
  8 water moccasins
  7 orc warriors
  An ice beast (D:6)
  An ogre (D:6)
  3 wolves (Lair:3)
  2 centaurs
  A lemure (D:7)
  A phantom (D:7)
  6 bullfrogs
  5 scorpions
  8 wights
  5 electric eels
  3 howler monkeys
  4 hounds
  5 orc priests
  A gnoll bouda (D:7)
  2 hell rats (Lair:4)
  2 iguanas
  9 orc wizards
  Natasha (D:3)
  11 gnolls
  14 adders
  9 river rats (Lair:4)
  A shadow imp (D:3)
  A white imp (D:5)
  A worm (D:2)
  4 dart slugs
  36 orcs
  7 bats
  4 endoplasms
  3 giant cockroaches
  11 goblins
  14 hobgoblins
  16 kobolds
  5 quokkas
  5 ball pythons
  A frilled lizard (D:3)
  8 rats
309 creatures vanquished.

Vanquished Creatures (collateral kills)
  An orc warlord (Bailey)
  A hydra (Lair:3)
  A two-headed ogre (D:11)
  A skyshark (Lair:2)
  4 elephants (Lair:2)
  A black mamba (Lair:1)
  2 cane toads
  A rime drake (Lair:3)
  3 komodo dragons
  4 blink frogs
  A wraith (D:10)
  A wyvern (Lair:1)
  3 yaks (Lair:1)
  A basilisk (Lair:2)
  A water moccasin (Lair:1)
  A gnoll sergeant (D:11)
  3 wights (D:9)
  3 gnolls (D:11)
33 creatures vanquished.

Vanquished Creatures (others)
  A quokka (D:12)
1 creature vanquished.

Grand Total: 343 creatures vanquished

Notes
Turn   | Place    | Note
-------+----------+-------------------------------------------
     0 | D:1      | Zonian the Deep Elf Ice Elementalist began the quest for
                  | the Orb.
     0 | D:1      | Reached XP level 1. HP: 10/10 MP: 6/6
   456 | D:1      | Reached XP level 2. HP: 8/15 MP: 5/8
  1230 | D:1      | Reached XP level 3. HP: 15/19 MP: 8/10
  1384 | D:1      | Learned a level 3 spell: Frozen Ramparts
  1388 | D:1      | Learned a level 3 spell: Ozocubu's Armour
  1500 | D:2      | Reached skill level 5 in Ice Magic
  1923 | D:2      | Reached XP level 4. HP: 20/24 MP: 7/11
  2410 | D:3      | Noticed Natasha
  2415 | D:3      | Killed Natasha
  2485 | D:3      | Found a radiant altar of Vehumet.
  2511 | D:3      | Became a worshipper of Vehumet
  2596 | D:3      | Found a faded altar of an unknown god.
  2715 | D:3      | Reached XP level 5. HP: 27/28 MP: 10/12
  3468 | D:4      | Found a staircase to the Ecumenical Temple.
  3486 | D:4      | Reached * piety under Vehumet
  3486 | D:4      | Offered knowledge of Shock by Vehumet.
  3840 | D:4      | Reached XP level 6. HP: 25/32 MP: 8/13
  4149 | D:4      | Found an iron altar of Okawaru.
  4188 | D:4      | Learned a level 4 spell: Summon Ice Beast
  4211 | D:5      | Entered Level 5 of the Dungeon
  4577 | D:5      | Reached skill level 1 in Summonings
  4634 | D:5      | Reached XP level 7. HP: 15/36 MP: 11/14
  4796 | D:5      | Noticed Edmund
  4923 | D:5      | Identified the +2 robe of Jadij {rC+ Dex+3}
  5623 | D:5      | Offered knowledge of Momentum Strike by Vehumet.
  5753 | D:5      | Reached ** piety under Vehumet
  6330 | D:6      | Reached skill level 5 in Stealth
  6693 | D:6      | Reached skill level 5 in Dodging
  6693 | D:6      | Reached XP level 8. HP: 41/41 MP: 9/15
  7267 | D:7      | Reached skill level 5 in Summonings
  7276 | D:7      | Found a snail-covered altar of Cheibriados.
  7511 | D:7      | Noticed Pikel
  7756 | D:7      | Killed Pikel
  7757 | D:7      | Reached skill level 10 in Ice Magic
  7757 | D:7      | Reached XP level 9. HP: 41/45 MP: 14/16
  9032 | D:8      | Learned a level 4 spell: Summon Lightning Spire
  9116 | D:8      | Noticed Erica
  9128 | D:8      | Killed Erica
  9129 | D:8      | Reached XP level 10. HP: 50/50 MP: 16/18
  9413 | D:8      | Noticed a manticore
  9426 | D:8      | Killed a manticore
  9427 | D:8      | Reached skill level 5 in Spellcasting
  9554 | D:9      | Noticed Psyche
  9630 | D:9      | Found a flagged portal.
  9676 | Bailey   | Entered a bailey
  9694 | Bailey   | Noticed an orc warlord
  9720 | Bailey   | Offered knowledge of Inner Flame by Vehumet.
 10183 | Bailey   | Found a runed translucent gate.
 10185 | Bailey   | Found a runed translucent gate.
 10186 | Bailey   | Found a runed translucent gate.
 10375 | Bailey   | Reached skill level 1 in Ranged Weapons
 10427 | Bailey   | Reached *** piety under Vehumet
 10723 | Bailey   | Killed an orc warlord
 10933 | Bailey   | Identified the ring "Gaxof" {Fly rPois rC+ Str+5 Dex-3}
 10935 | Bailey   | Acquired a book of Vapours
 10943 | Bailey   | Learned a level 5 spell: Freezing Cloud
 11577 | D:9      | Killed Psyche
 11578 | D:9      | Reached skill level 1 in Conjurations
 11578 | D:9      | Reached skill level 10 in Summonings
 12131 | D:9      | Found a staircase to the Orcish Mines.
 12145 | D:9      | Offered knowledge of Fulminant Prism by Vehumet.
 12986 | D:10     | Entered Level 10 of the Dungeon
 12999 | D:10     | Found a staircase to the Lair.
 13357 | D:10     | Reached XP level 11. HP: 54/54 MP: 23/23
 13429 | D:10     | Reached **** piety under Vehumet
 13777 | D:10     | Reached skill level 5 in Ranged Weapons
 13861 | Lair:1   | Entered Level 1 of the Lair of Beasts
 14063 | Lair:1   | Offered knowledge of Iskenderun's Mystic Blast by Vehumet.
 14310 | Lair:1   | Acquired a +1 antimagic hand crossbow
 14430 | Lair:1   | You are sucked into a shaft and drop 1 floor!
 14455 | Lair:2   | Noticed a skyshark
 14480 | Lair:2   | Found a gate leading to a gauntlet.
 14490 | Gauntlet | Entered a Gauntlet
 14490 | Gauntlet | Found a transporter.
 14493 | Gauntlet | Noticed a death yak
 14617 | Gauntlet | Found a transporter.
 14651 | Gauntlet | Found a transporter.
 14652 | Gauntlet | Noticed a death yak
 14653 | Gauntlet | Noticed a death yak
 14653 | Gauntlet | Noticed a death yak
 14654 | Gauntlet | Found a transporter.
 14654 | Gauntlet | Noticed a death yak
 14656 | Gauntlet | Noticed a death yak
 14671 | Gauntlet | Found a transporter.
 14675 | Gauntlet | Found a transporter.
 14684 | Gauntlet | Noticed a death drake
 14686 | Gauntlet | Found a transporter.
 14731 | Gauntlet | Learned a level 4 spell: Airstrike
 16517 | Lair:2   | Reached skill level 5 in Air Magic
 16527 | Lair:2   | Reached skill level 5 in Conjurations
 16527 | Lair:2   | Reached XP level 12. HP: 35/59 MP: 10/27
 17133 | Lair:2   | Learned a level 3 spell: Mephitic Cloud
 17260 | Lair:2   | Found a staircase to the Snake Pit.
 18720 | Lair:3   | Found a staircase to the Swamp.
 18872 | Lair:3   | Noticed a death yak
 18885 | Lair:3   | Noticed a death yak
 18886 | Lair:3   | Noticed a death yak
 18886 | Lair:3   | Noticed a death yak
 18935 | Lair:3   | Noticed a seven-headed hydra
 18946 | Lair:3   | Killed a seven-headed hydra
 18947 | Lair:3   | Reached skill level 1 in Fighting
 19496 | Lair:3   | Reached skill level 10 in Spellcasting
 19588 | Lair:3   | Noticed a death yak
 19605 | Lair:3   | Killed a death yak
 20256 | Lair:3   | Killed a death yak
 20260 | Lair:3   | Killed a death yak
 20264 | Lair:3   | Killed a death yak
 20269 | Lair:3   | Killed a death yak
 20693 | Lair:4   | Reached ***** piety under Vehumet
 20844 | Lair:4   | Noticed Snorg
 20856 | Lair:4   | Killed Snorg
 21039 | Lair:4   | Reached XP level 13. HP: 59/68 MP: 29/29
 21358 | Lair:4   | Found a transporter.
 21358 | Lair:4   | Found a transporter.
 21381 | Lair:4   | Offered knowledge of Ozocubu's Refrigeration by Vehumet.
 21966 | Lair:5   | Entered Level 5 of the Lair of Beasts
 21979 | Lair:5   | Found a large runed translucent door.
 21979 | Lair:5   | Found a large runed translucent door.
 21979 | Lair:5   | Noticed a fire dragon
 22986 | D:11     | Noticed a fire giant
 23441 | D:12     | Found a transporter.
 23443 | D:12     | Found a transporter.
 23447 | D:12     | Noticed arthad's ghost (journeyman VSIE)
 23457 | D:12     | Found a bloodstained altar of Trog.
 23681 | D:11     | Killed from afar by a fire giant

Illustrated notes

Levels and vault maps discovered:
D:1:      reono_arrival_mine, layout_basic, wad_floor_pattern_2,
          kennysheep_pointless_box
D:2:      minmay_door_path, layout_loops_ring, chequers_serial_rivers_micro_d,
          nrook_mini_vaults, serial_bayou_crossing
D:3:      layout_basic, nicolae_vehumet_radiance,
          shapermc_ecumenical_altar_totnotflames, uniq_natasha
D:4:      layout_basic, kennysheep_okawaru_gauntlet, temple_fountains,
          corexii_item_surrounded_by_moat
D:5:      layout_loops_cross, uniq_edmund
D:6:      layout_rooms
D:7:      layout_rooms, marbit_many_paths, serial_glass, glass_columns_b,
          glass_columns_a, uniq_pikel
D:8:      layout_cave_pools, kb_rosetta, uniq_erica
D:9:      layout_loops_corners, minmay_orc_entry_temple_small, enter_bailey_4,
          uniq_psyche
D:10:     layout_roguey, dpeg_oklobed_lair
D:11:     minmay_mutant_horseshoe, layout_basic
D:12:     layout_roguey, gammafunk_ghost_wrathful_warriors, chequers_garden,
          elyvilon_altar_4, uniq_gastronok, uniq_urug, uniq_kirke, uniq_rupert,
          uniq_fannar
Lair:1:   layout_hall_layers, serial_bayou, serial_bayou_ford_a,
          serial_bayou_pond_d, serial_bayou_pond_e, serial_bayou_pond_e,
          serial_bayou_shore_b, serial_bayou_pond_a, st_stairs_10
Lair:2:   layout_concentric_octagons, dummy_snake_entry, gauntlet_entry_generic,
          guppyfry_lair_drakes
Lair:3:   layout_layer_cave, minmay_swamp_entry_eels, grunt_megastairs_2
Lair:4:   gammafunk_boulding_lane, layout_loops_ring, kennysheep_rathole,
          uniq_snorg
Lair:5:   cheibrodos_lair_end_hotspot, layout_cave_shapes, slime_entry_2

Skill      XL: |  1  2  3  4  5  6  7  8  9 10 11 12 13 |
---------------+----------------------------------------+-----
Stealth        | 3 5 7 9 |  9.7
Dodging        | 3 5 |  5.0
Ice Magic      | 5 6 7 8 10 12 | 12.7
Summonings     | 1 3 6 9 10 11 12 | 12.3
Spellcasting   | 4 7 9 10 | 10.9
Ranged Weapons | 4 6 8 9 |  9.2
Air Magic      | 3 5 6 |  6.9
Conjurations   | 2 5 6 7 |  7.2
Fighting       | 2 3 |  3.1

Action                     |  1- 3 |  4- 6 |  7- 9 | 10-12 | 13-15 || total
---------------------------+-------+-------+-------+-------+-------++-------
  Melee: Unarmed           |     4 |       |       |       |       ||     4
         Dagger            |    29 |       |    35 |   128 |    17 ||   209
         Short sword       |       |       |    77 |   172 |    13 ||   262
         Punch             |       |       |     6 |     1 |       ||     7
   Fire: Sling             |       |   132 |   126 |   452 |    14 ||   724
  Throw: Dart              |       |       |     4 |    10 |       ||    14
   Cast: Freeze            |    58 |    32 |    13 |    11 |       ||   114
         Frozen Ramparts   |       |     5 |    20 |    43 |     9 ||    77
         Ozocubu's Armour  |       |       |     9 |    16 |     3 ||    28
         Summon Ice Beast  |       |       |     2 |    26 |     3 ||    31
         Summon Lightning  |       |       |       |    12 |     1 ||    13
         Freezing Cloud    |       |       |       |     5 |     1 ||     6
         Mephitic Cloud    |       |       |       |     1 |     2 ||     3
         Airstrike         |       |       |       |       |    12 ||    12
  Evoke: Wand              |       |       |     6 |    20 |     2 ||    28
    Use: Scroll            |     2 |     5 |    16 |    17 |     7 ||    47
         Potion            |       |       |     1 |     3 |     6 ||    10
   Stab: Sleeping          |     1 |       |     2 |     5 |       ||     8
 Armour: Robe              |    15 |     9 |    50 |   124 |    19 ||   217
  Dodge: Dodged            |    41 |    35 |    68 |   215 |    32 ||   391
